 Dungeon Crawl Stone Soup version 0.28.0-53-g5a82cb258f (webtiles) character file.

Game seed: 5652071949242140372

422 Ashen the Insei (level 6, 0/55 HPs)
             Began as a Naga Transmuter on June 16, 2022.
             Slain by a wyvern skeleton (15 damage)
             ... on level 5 of the Dungeon.
             The game lasted 00:13:27 (5686 turns).

Ashen the Insei (Naga Transmuter)                   Turns: 5686, Time: 00:13:27

Health: 0/55       AC:  2    Str: 12    XL:     6   Next: 95%
Magic:  8/10       EV: 20    Int: 13    God:
Gold:   130        SH:  0    Dex: 19    Spells: 2/11 levels left

rFire   . . .      SeeInvis +     - Unarmed
rCold   . . .      Faith    .   (shield currently unavailable)
rNeg    . . .      Spirit   .   (armour currently unavailable)
rPois   x          Reflect  .   (helmet currently unavailable)
rElec   .          Harm     .   (cloak currently unavailable)
rCorr   .          Rampage  .   (gloves currently unavailable)
Will    .....                   (no barding)
Stlth   +++.......              (no amulet)
HPRegen 0.18/turn               j - ring of flight
MPRegen 0.12/turn               (no ring)

@: spider-form (expiring), flying
A: venomous fangs, AC +2, tiny, see invisible, (deformed body), (poison
resistance), (slowness 2), spit poison 1, (naga tail 1)
a: Spit Poison, End Transformation


You were on level 5 of the Dungeon.
You were a venomous arachnid creature.
You visited 1 branch of the dungeon, and saw 5 of its levels.
You also visited: Sewer.

You collected 147 gold pieces.
You spent 17 gold pieces at shops.

Inventory:

Hand Weapons
 g - a +2 spectral club
 l - a +1 whip of venom
Armour
 a - a +1 robe (melded)
 h - a +0 helmet (melded)
 i - a +0 pair of gloves (melded)
Jewellery
 j - a ring of flight (left front leg)
Scrolls
 b - 3 scrolls of blinking
 c - a scroll of immolation
 d - 2 scrolls of enchant armour
 m - a scroll of teleportation {unknown}
Potions
 e - 2 potions of invisibility {unknown}
 f - a potion of attraction
 k - a potion of ambrosia {unknown}
 n - 2 potions of flight {unknown}
 o - 3 potions of resistance
 p - a potion of heal wounds {unknown}
 q - a potion of cancellation {unknown}
 r - a potion of mutation {unknown}
 s - a potion of magic {unknown}


   Skills:
 + Level 2.7 Fighting
 + Level 2.5 Dodging
 + Level 3.8 Stealth
 + Level 4.1 Unarmed Combat
 + Level 3.2 Spellcasting
 * Level 3.7 Transmutations


You had 2 spell levels left.
You knew the following spells:

 Your Spells              Type           Power      Damage    Failure   Level
a - Wereblood             Tmut           11%        N/A       21%         2
b - Spider Form           Tmut/Pois      6%         N/A       54%         3
c - Ice Form              Ice/Tmut       6%         N/A       87%         4

Your spell library contained the following spells:

 Spells                   Type           Power      Damage    Failure   Level
 Beastly Appendage        Tmut           22%        N/A       14%         1


Dungeon Overview and Level Annotations

Branches:
Dungeon (5/15)              Sewer (visited)
 Temple: D:4-7

Altars:
Elyvilon
Vehumet

Shops:
D:3 *


Innate Abilities, Weirdness & Mutations

You are a venomous arachnid creature.
You have poisonous fangs.
You are tiny and dextrous.
Your spellcasting is less reliable in this form.
Your armour is entirely melded.
You are incapable of wielding weapons or throwing items.
((Your serpentine skin is tough. (AC +2)))
You have supernaturally acute eyesight. (SInv)
((Armour fits poorly on your strangely shaped body.))
((Your system is resistant to poisons. (rPois)))
((You cover ground very slowly.))
You can spit poison.
((You have a snake-like lower body.))


Message History

The hound skeleton bites you but does no damage.
You hit the hound skeleton.
You destroy the hound skeleton!
No target in view!
You now have 130 gold pieces (gained 11).
A wyvern skeleton comes into view.
The wyvern skeleton bites you. The wyvern skeleton closely misses you.
A wyvern skeleton is nearby!
You barely miss the wyvern skeleton. The wyvern skeleton closely misses you.
You hit the wyvern skeleton but do no damage.
The wyvern skeleton barely misses you. The wyvern skeleton misses you.
You barely miss the wyvern skeleton. The wyvern skeleton bites you!
You barely miss the wyvern skeleton. The wyvern skeleton bites you!
You hit the wyvern skeleton but do no damage.
The wyvern skeleton bites you.
You are too injured to fight recklessly!
You are too injured to fight recklessly!
The wyvern skeleton bites you but does no damage.
The wyvern skeleton barely misses you. The wyvern skeleton closely misses you.
The wyvern skeleton bites you!
* * * LOW HITPOINT WARNING * * *
The wyvern skeleton bites you.
* * * LOW HITPOINT WARNING * * *
Press: ? - help, v - describe, . - travel The floor.
Okay, then.
Okay, then.
Casting: Spider Form (dangerous; 32% risk of failure)
Confirm with . or Enter, or press ? or * to list all spells.
You turn into a venomous arachnid creature.
Your +0 helmet melds into your body.
Your +0 pair of gloves melds into your body.
Your +1 robe melds into your body.
Your transformation is almost over.
The wyvern skeleton barely misses you. The wyvern skeleton closely misses you.
The wyvern skeleton completely misses you.
The wyvern skeleton misses you. The wyvern skeleton bites you!
You die...

...#.#........##.#
....###..#.#...#.#
...#.#.#.#.......#
#.. .....#.#..##.#
..#########..##.##
.# ##.#.## .
#######..####
..........Z.#
...###.###s# . #.#
#.# #.###.#
#..##.# ##.##.#
#.##.# #.####(##<#
.#.........#
........####


You could see a wyvern skeleton.

Vanquished Creatures
  A kobold brigand (Sewer)
  A scorpion (D:4)
  An orc priest (D:3)
  An iguana (D:5)
  2 orc wizards (D:3)
  2 hound skeletons
  Robin (D:2)
  3 adders
  A river rat (Sewer)
  A worm (D:2)
  5 dart slugs
  11 orcs
  12 ball pythons
  3 bats
  7 endoplasms
  6 giant cockroaches
  8 goblins
  3 hobgoblins
  4 jackals (D:1)
  10 kobolds
  4 quokkas
  3 frilled lizards (D:3)
  A quokka skeleton (D:4)
  2 rats
93 creatures vanquished.

Notes
Turn   | Place    | Note
-------+----------+-------------------------------------------
     0 | D:1      | Ashen the Naga Transmuter began the quest for the Orb.
     0 | D:1      | Reached XP level 1. HP: 18/18 MP: 3/3
   356 | D:1      | Reached XP level 2. HP: 17/25 MP: 3/5
   482 | D:1      | Learned a level 2 spell: Wereblood
  1214 | D:2      | Reached skill level 1 in Stealth
  1214 | D:2      | Reached XP level 3. HP: 16/31 MP: 6/6
  2300 | D:2      | Noticed Robin
  2321 | D:2      | Killed Robin
  2322 | D:2      | Reached XP level 4. HP: 15/39 MP: 5/7
  2758 | D:3      | HP: 1/39 [orc wizard/+0 dagger (1)]
  3138 | D:3      | Reached XP level 5. HP: 40/45 MP: 6/9
  3149 | D:3      | Learned a level 3 spell: Spider Form
  3154 | D:3      | Learned a level 4 spell: Ice Form
  3649 | D:3      | Found a faded altar of an unknown god.
  3787 | D:3      | Found Gour's Assorted Antiques.
  3803 | D:3      | Bought a glowing cyan potion for 17 gold pieces
  4187 | D:4      | Found a glowing drain.
  4239 | Sewer    | Entered a sewer
  4251 | Sewer    | Reached XP level 6. HP: 52/52 MP: 10/10
  4914 | D:4      | Reached skill level 4 in Unarmed Combat
  5161 | D:4      | Found a white marble altar of Elyvilon.
  5162 | D:4      | Found a radiant altar of Vehumet.
  5513 | D:5      | Entered Level 5 of the Dungeon
  5686 | D:5      | Slain by a wyvern skeleton

Illustrated notes

Levels and vault maps discovered:
D:1:      nzn_arrival_settlement, layout_rooms, hangedman_decor_clover_reticule
D:2:      layout_loops_ring, minmay_bisected, uniq_robin
D:3:      layout_basic, serial_shops, nicolae_shop_waterfront,
          hellmonk_ecumenical_altar_inner_sanctum
D:4:      layout_loops_ring, mainiacjoe_overflow_divided_tiny,
          gup_sewer_entry_pipe
D:5:      layout_loops_cross, nemelex_xobeh_ov_fountains_minmay,
          corexii_mini_fake_secret_closet, minmay_misc_feat_more_columns

Skill      XL: |  1  2  3  4  5  6 |
---------------+-------------------+-----
Stealth        | 1 2 3 |  3.8
Dodging        | 2 |  2.5
Fighting       | 2 |  2.7
Transmutations | 3 |  3.7
Spellcasting   | 3 |  3.2
Unarmed Combat | 4 |  4.1

Action                   |  1- 3 |  4- 6 || total
-------------------------+-------+-------++-------
Melee: Unarmed           |   117 |   254 ||   371
       Headbutt          |     4 |       ||     4
       Punch             |       |     4 ||     4
 Cast: Beastly Appendage |     5 |       ||     5
       Wereblood         |     5 |     8 ||    13
       Spider Form       |       |     7 ||     7
 Abil: Spit Poison       |     6 |     2 ||     8
  Use: Scroll            |     7 |     5 ||    12
       Potion            |     1 |     2 ||     3
 Stab: Sleeping          |     4 |     3 ||     7
Armor: Robe              |    18 |    97 ||   115
       Skin              |     1 |     1 ||     2
Dodge: Dodged            |    75 |   145 ||   220
